 Dungeon Crawl Stone Soup version 0.26-a0-812-g31a745ddcd (webtiles) character file.

Game seed: 18362176255450392377

97 Dracia the Ruffian (level 4, -1/35 HPs)
             Began as a Draconian Transmuter on Nov 30, 2020.
             Slain by Grinder (2 damage)
             ... on level 3 of the Dungeon.
             The game lasted 00:04:20 (2754 turns).

Dracia the Ruffian (Draconian Transmuter)           Turns: 2754, Time: 00:04:20

Health: -1/35      AC:  5    Str: 11 (13) XL:     4   Next: 42%
Magic:  6/7        EV: 12    Int: 12 (13) God:
Gold:   187        SH:  0    Dex: 10 (12) Spells: 1/7 levels left

rFire    . . .     SeeInvis .     - Unarmed
rCold    . . .     Faith    .   (no shield)
rNeg     . . .     Spirit   .   (armour unavailable)
rPois    .         Reflect  .   (helmet currently unavailable)
rElec    .         Harm     .   (no cloak)
rCorr    .         Rampage  .   (no gloves)
MR       .....                  (boots currently unavailable)
Stlth    +.........             (no amulet)
HPRegen  0.11/turn              (no ring)
MPRegen  0.10/turn              (no ring)

@: appendages
A: unfitting armour, horns 2, talons 2, cold-blooded, AC +5
a: End Transformation


You were on level 3 of the Dungeon.
You had grown temporary horns.
You had grown temporary talons.
You visited 1 branch of the dungeon, and saw 3 of its levels.

You collected 187 gold pieces.


Innate Abilities, Weirdness & Mutations

Your plain brown scales are hard. (AC +5)
You cannot fit into any form of body armour.
You are cold-blooded and may be slowed by cold attacks.
You have a pair of horns on your head.
You have razor-sharp toenails.


   Skills:
 - Level 1.1 Fighting
 - Level 1.7 Dodging
 + Level 5.3 Unarmed Combat
 - Level 2.0 Spellcasting
 - Level 2.0 Transmutations


You had one spell level left.
You knew the following spells:

 Your Spells              Type           Power        Failure   Level
a - Beastly Appendage     Tmut           #.....       12%         1
b - Wereblood             Tmut           #.......     19%         2
c - Spider Form           Tmut/Pois      #.........   47%         3

Your spell library contained the following spells:

 Spells                   Type           Power        Failure   Level
 Ice Form                 Ice/Tmut       #.......     87%         4
 Blade Hands              Tmut           #.........   97%         5

Inventory:

Armour
 k - a +0 pair of boots (melded)
Scrolls
 a - a scroll of fear
 c - 2 scrolls of teleportation {@r4}
 d - 4 scrolls of identify {@r1}
 e - a scroll of noise
 f - a scroll of remove curse {@r2}
 h - a scroll of magic mapping {unknown}
 j - a scroll of immolation {unknown}
Potions
 b - a potion of brilliance
 i - 2 potions of flight

Dungeon Overview and Level Annotations

Branches:
Dungeon (3/15)

Altars:
Yredelemnul

Annotations:
D:3 Grinder

##### ..## ....
...# ... ###.#
#.#######...#.#
#
......5@......#
#
..#######.#####
# #.# # #.# #
#.# # #.# # #.#
# #.# # #.
#.####### #


You could see Grinder.


Message History

Confirm with . or Enter, or press ? or * to list all spells.
You grow a pair of large bovine horns.
Your feet morph into talons.
Your +0 pair of boots melds into your body.
Grinder gestures at you. Pain shoots through your body!
Grinder closely misses you.
You hit Grinder. Your kick misses Grinder.
You headbutt Grinder, but do no damage.
Grinder is lightly wounded.
Grinder hits you!
You writhe in agony.
* * * LOW HITPOINT WARNING * * *
You are too injured to fight recklessly!
You are too injured to fight recklessly!
You are too injured to fight recklessly!
Unknown command.
You are too injured to fight recklessly!
It was a potion of degeneration.
There was something very wrong with that liquid.
You feel weakened.
You feel dopey.
You feel clumsy. Grinder hits you.
* * * LOW HITPOINT WARNING * * *
You writhe in agony.
* * * LOW HITPOINT WARNING * * *
Okay, then.
You barely miss Grinder. You headbutt Grinder.
Grinder is lightly wounded.
Grinder hits you.
* * * LOW HITPOINT WARNING * * *
You writhe in agony.
You die...

Skill      XL: |  1  2  3  4 |
---------------+-------------+-----
Unarmed Combat | 4 5 |  5.3
Fighting       | |  1.1
Dodging        | |  1.7
Spellcasting   | |  2.0
Transmutations | |  2.0

Action                   |  1- 3 |  4- 6 || total
-------------------------+-------+-------++-------
Melee: Unarmed           |   139 |    39 ||   178
       Headbutt          |    10 |    10 ||    20
       Kick              |    10 |     2 ||    12
       Punch             |     2 |       ||     2
       Tailslap          |    10 |     3 ||    13
 Cast: Beastly Appendage |     9 |     8 ||    17
       Wereblood         |       |     1 ||     1
  Use: Scroll            |       |     8 ||     8
       Potion            |       |     6 ||     6
 Stab: Sleeping          |     3 |       ||     3
Armor: Skin              |    61 |     5 ||    66
Dodge: Dodged            |   124 |    24 ||   148

Levels and vault maps discovered:
D:1:      ncdulo_lavacross, layout_loops_ring
D:2:      layout_basic
D:3:      layout_loops_ring, yredelemnul_altar_generic,
          chequers_ecumenical_altar_island, uniq_grinder, uniq_jessica

Notes
Turn   | Place    | Note
-------+----------+-------------------------------------------
     0 | D:1      | Dracia the Draconian Transmuter began the quest for the
                  | Orb.
     0 | D:1      | Reached XP level 1. HP: 16/16 MP: 3/3
   229 | D:1      | Reached XP level 2. HP: 23/23 MP: 5/5
   425 | D:1      | Reached skill level 4 in Unarmed Combat
   634 | D:1      | Reached XP level 3. HP: 28/28 MP: 6/6
  1700 | D:2      | Reached XP level 4. HP: 35/35 MP: 7/7
  1728 | D:2      | Reached skill level 5 in Unarmed Combat
  2019 | D:2      | Learned a level 2 spell: Wereblood
  2023 | D:2      | Learned a level 3 spell: Spider Form
  2033 | D:2      | Identified a potion of resistance
  2281 | D:3      | Found a faded altar of an unknown god.
  2478 | D:3      | Found a basalt altar of Yredelemnul.
  2748 | D:3      | Noticed Grinder
  2754 | D:3      | HP: 1/35 [Grinder (5)]
  2754 | D:3      | Slain by Grinder

Vanquished Creatures
  2 adders
  3 worms (D:2)
  2 dart slugs (D:1)
  3 leopard geckos
  4 orcs (D:3)
  9 bats
  2 giant cockroaches (D:2)
  5 goblins
  4 hobgoblins
  4 jackals (D:1)
  7 kobolds
  2 quokkas (D:2)
  A ball python (D:2)
  3 frilled lizards
  3 rats
54 creatures vanquished.

Vanquished Creatures (others)
  A withered plant (D:3)
1 creature vanquished.

Grand Total: 55 creatures vanquished

Table legend: (Time is in decaauts)
 A = Elapsed time spent in this place.
 B = Non-inter-level travel time spent in this place.
 C = Inter-level travel time spent in this place.
 D = Time resting spent in this place.
 E = Time spent auto-exploring this place.
 F = Levels seen in this place.
 G = Mean time per level.
                   A        B        C        D        E       F      G
               +--------+--------+--------+--------+--------+-----+--------+
         Total |   2756 |   2708 |     48 |    343 |   1954 |   3 |  918.7 |
       Dungeon |   2756 |   2708 |     48 |    343 |   1954 |   3 |  918.7 |
               +--------+--------+--------+--------+--------+-----+--------+

Top non-repeatable levels by time:
     D:2: 1037 daAuts
     D:1: 1014 daAuts
     D:3: 704 daAuts

Table legend:
 A = Non-vault XP
 B = Vault XP
 C = Vault XP percentage of total XP
 D = Non-vault monster count
 E = Vault monster count
 F = Vault count percentage of total count
                 A         B        C        D         E       F
            +---------+---------+-------+---------+---------+-------
      Total |     139 |       0 |   0.0 |      54 |       0 |   0.0
            +---------+---------+-------+---------+---------+-------
        D:1 |      51 |       0 |   0.0 |      27 |       0 |   0.0
        D:2 |      58 |       0 |   0.0 |      20 |       0 |   0.0
        D:3 |      30 |       0 |   0.0 |       7 |       0 |   0.0
            +---------+---------+-------+---------+---------+-------
